[Event "Team 45 45 League T50"]
[Site "Internet Chess Club"]
[Date "2011.09.18"]
[Round "6"]
[White "bhandelman"]
[Black "artspir"]
[Result "0-1"]
[WhiteElo "1094"]
[BlackElo "1133"]
[Opening "Caro-Kann defense"]
[ECO "B15"]
[Time "11:05:55"]
[TimeControl "2700+45"]

1. e4 c6 2. d4 d5 3. Nc3 e6 4. Nf3 Ne7 5. Bd3 g6 6. e5 Bg7 7. O-O Nd7 8. Bg5 O-O
9. Qd2 f6 10. exf6 Nxf6 11. Bh6 Ng4 12. Bxg7 Kxg7 13. Qg5 h5 14. Nh4 Qd6 15. g3
Kf7 16. Bxg6+ Nxg6 17. Qxg6+ Ke7 18. Qh7+ Kd8 19. Qxh5 Nf6 20. Qg5 b5 21. Rfe1
b4 22. Ne2 Ba6 23. Nf4 Kc8 24. Nxe6 Ne4 25. Nf5 Rxf5 26. Qxf5 Kb7 27. Qf7+ Kb6
28. Nc7 Qxc7 29. Qxc7+ Kxc7 30. h4 Nd2 31. Re7+ Kd6 32. Re5 Nf3+ 33. Kg2 Nxe5
34. dxe5+ Kxe5 35. Re1+ Kd6 36. f4 Rf8 37. Kf3 c5 38. g4 d4 39. f5 Bb7+ 40. Kf4
Bc8 41. h5 a5 42. Rh1 Ke7 43. h6 Kf7 44. g5 Kg8 45. f6 Kh8 46. h7 Bb7 47. Rh6
Re8 48. g6 Re4+ 49. Kf3 Rh4+ 50. Kg3 Rxh6 51. f7 Kg7 {White resigns} 0-1

[Event "Team 45 45 League T50"]
[Site "Internet Chess Club"]
[Date "2011.09.16"]
[Round "6"]
[White "medsurg"]
[Black "kid6988"]
[Result "1-0"]
[WhiteElo "1341"]
[BlackElo "1503"]
[Opening "Ruy Lopez: closed, Flohr-Zaitsev system (Lenzerheide variation)"]
[ECO "C92"]
[Time "22:01:03"]
[TimeControl "2700+45"]

1. e4 e5 2. Nf3 Nc6 3. Bb5 a6 4. Ba4 Nf6 5. O-O Be7 6. Re1 b5 7. Bb3 d6 8. c3
O-O 9. h3 Bb7 10. d4 Re8 11. Nbd2 Bf8 12. Nf1 Qd7 13. Ng3 h6 14. Bc2 Rad8 15. a4
Ra8 16. Qd3 Na7 17. axb5 Qxb5 18. c4 Qd7 19. d5 Qc8 20. Ba4 c6 21. Nf5 Rd8 22.
Be3 c5 23. Bd2 Qc7 24. b4 Rac8 25. Be3 Ra8 26. bxc5 dxc5 27. Nd2 Nc8 28. Nb3 Nb6
29. Bd2 Nxa4 30. Rxa4 Qd7 31. Raa1 Rdb8 32. Na5 Kh7 33. f4 exf4 34. Bxf4 Re8 35.
Nxb7 Qxb7 36. e5 Nh5 37. Nd6+ g6 38. Nxb7 Nxf4 39. Qf3 g5 40. g3 Nxh3+ 41. Kg2
Nf4+ 42. gxf4 gxf4 43. Qxf4 Bg7 44. Nd6 Rh8 45. Qf5+ Kg8 46. Qxf7+ Kh7 47. Nf5
Rhg8 48. e6 Kh8 49. Nxg7 Rxg7+ 50. Qxg7+ Kxg7 51. d6 Kf8 52. Rad1 Ke8 53. d7+
Ke7 54. d8=Q+ Rxd8 55. Rxd8 Kxd8 56. Re5 Ke7 57. Kg3 a5 58. Rxc5 Kxe6 59. Rxa5
Kd6 60. Kh4 Kc6 61. Kh5 Kb6 62. Rf5 Kc6 63. Kxh6 Kd6 64. Kg6 Kc6 65. Kf6 Kd6 66.
Re5 Kc6 67. Ke6 {Black resigns} 1-0

[Event "Team 45 45 League T50"]
[Site "Internet Chess Club"]
[Date "2011.09.18"]
[Round "6"]
[White "kingsleywang"]
[Black "Aquaman"]
[Result "0-1"]
[WhiteElo "1280"]
[BlackElo "1257"]
[Opening "QP counter-gambit (elephant gambit)"]
[ECO "C40"]
[Time "16:30:19"]
[TimeControl "2700+45"]

1. e4 e5 2. Nf3 d5 3. Nc3 d4 4. Ne2 Bd6 5. Ng3 Nf6 6. Bc4 O-O 7. h3 h6 8. d3 b6
9. Bd2 c5 10. Qc1 Kh7 11. Nh4 Nxe4 12. dxe4 Qxh4 13. Bd5 Nc6 14. Bxc6 Rb8 15.
Bb5 a6 16. Bc6 b5 17. Bd5 c4 18. Qd1 g6 19. Qf3 Qe7 20. O-O f5 21. exf5 Bxf5 22.
Nxf5 Rxf5 23. Qe2 Rf6 24. Be4 Rbf8 25. Qh5 Qg7 26. g4 Kh8 27. Qxh6+ Qxh6 28.
Bxh6 Rb8 29. Bg5 Re6 30. Bd5 Ree8 31. Bf7 Rf8 32. Bd5 Kh7 33. Be4 Bc5 34. Kg2 b4
35. Rac1 a5 36. Bd5 c3 37. b3 Rb6 38. Be4 Ra6 39. Ra1 Ra7 40. h4 Kg7 41. Kg3 Bd6
42. Bd3 e4+ 43. Kg2 exd3 44. cxd3 Rc7 45. Rac1 Ra7 46. Ra1 a4 47. Rfe1 a3 48.
Rac1 Rff7 49. Re4 Bc5 50. Re5 Rac7 51. Rd5 Rc6 52. Rc2 Bd6 53. Rxd4 Bc5 54. Rf4
Rd7 55. Rf3 Rcd6 56. Kh2 Rxd3 57. Rxd3 Rxd3 58. Kg2 Rd7 59. f3 Kf7 60. f4 Rd2+
61. Rxd2 cxd2 62. f5 d1=Q 63. fxg6+ Kxg6 64. Kg3 Qd3+ 65. Kf4 Be3+ 66. Kf3 Bxg5+
67. Kf2 Bxh4+ 68. Kg1 Qe3+ 69. Kg2 Qf2+ 70. Kh3 Qg3# {White checkmated} 0-1

[Event "Team 45 45 League T50"]
[Site "Internet Chess Club"]
[Date "2011.09.18"]
[Round "6"]
[White "XGG123"]
[Black "Docvan"]
[Result "1-0"]
[WhiteElo "1121"]
[BlackElo "1082"]
[Opening "French: Tarrasch"]
[ECO "C03"]
[Time "20:02:06"]
[TimeControl "2700+45"]

1. e4 e6 2. d4 d5 3. Nd2 dxe4 4. Nxe4 Bd7 5. Bc4 Bc6 6. Ng5 Qd7 7. N1f3 h6 8.
Nh3 Bd6 9. O-O Ne7 10. Bf4 Bxf4 11. Nxf4 b5 12. Bb3 Bxf3 13. Qxf3 Nbc6 14. Nh5
Qxd4 15. Rad1 Ne5 16. Qxa8+ {Black resigns} 1-0

[Event "Team 45 45 League T50"]
[Site "Internet Chess Club"]
[Date "2011.09.16"]
[Round "6"]
[White "iceface"]
[Black "Just-Jim"]
[Result "1-0"]
[WhiteElo "1382"]
[BlackElo "1320"]
[Opening "QP counter-gambit (elephant gambit)"]
[ECO "C40"]
[Time "19:30:11"]
[TimeControl "2700+45"]

1. e4 e5 2. Nf3 d5 3. exd5 Qxd5 4. Nc3 Qe6 5. Qe2 Nc6 6. Nb5 Bd7 7. Nxc7+ Kd8 8.
Nxe6+ Bxe6 9. Nxe5 Nb4 10. Qd1 Rc8 11. c3 Nd5 12. Be2 f6 13. Bg4 fxe5 14. Bxe6
Rc6 15. Bxd5 Rc7 16. O-O Nf6 17. Bb3 Kc8 18. d3 h6 19. Re1 Bd6 20. Qf3 Rf8 21.
Qf5+ Kb8 22. Qe6 Bc5 23. Be3 Re8 24. Qf5 Bd6 25. Bxh6 Rf8 26. Qe6 Bc5 27. Be3
Re8 28. Qf5 Bd6 29. Bg5 Nd7 30. d4 Rf8 31. Qe6 {Black resigns} 1-0

[Event "Team 45 45 League T50"]
[Site "Internet Chess Club"]
[Date "2011.09.18"]
[Round "6"]
[White "guyd52"]
[Black "joshq03"]
[Result "1-0"]
[WhiteElo "1286"]
[BlackElo "1216"]
[Opening "Réti: King's Indian attack"]
[ECO "A08"]
[Time "18:00:29"]
[TimeControl "2700+45"]

1. Nf3 d5 2. g3 c5 3. Bg2 Bf5 4. d3 Nf6 5. O-O e6 6. Nbd2 Bd6 7. b3 O-O 8. Bb2
Nc6 9. Re1 Re8 10. e4 Bg6 11. Nh4 Bh5 12. Bf3 Bxf3 13. Qxf3 dxe4 14. Nxe4 Nxe4
15. Qxe4 e5 16. Nf5 Bc7 17. Ba3 b6 18. Qxc6 Rc8 19. Bb2 f6 20. Ne3 e4 21. Qd5+
Qxd5 22. Nxd5 Bd6 23. dxe4 c4 24. Rad1 Rc6 25. Bd4 cxb3 26. cxb3 Be5 27. Bxe5
Rxe5 28. f4 Re8 29. e5 Rce6 30. Nc7 fxe5 31. Nxe8 Rxe8 32. fxe5 {Black resigns}
1-0

[Event "Team 45 45 League T50"]
[Site "Internet Chess Club"]
[Date "2011.09.18"]
[Round "6"]
[White "Goldenberg"]
[Black "carolinaknight"]
[Result "1-0"]
[WhiteElo "1365"]
[BlackElo "1179"]
[Opening "French: exchange variation"]
[ECO "C01"]
[Time "15:30:09"]
[TimeControl "2700+45"]

1. e4 e6 2. d4 d5 3. exd5 exd5 4. c4 c6 5. Nc3 Bf5 6. Nf3 Nf6 7. Bg5 Be7 8. Bd3
Bxd3 9. Qxd3 Nbd7 10. O-O O-O 11. Bxf6 Bxf6 12. cxd5 c5 13. Rad1 Rc8 14. b3 Qa5
15. Rc1 cxd4 16. Nxd4 a6 17. Rc2 Ne5 18. Qd2 Be7 19. Re1 f6 20. f4 Bb4 21. Rec1
Nd7 22. Ne6 Rfe8 23. Kf1 Qb6 24. Qd4 Nc5 25. Ne4 Qb5+ 26. Rc4 a5 27. a4 Qa6 28.
N4xc5 Bxc5 29. Nxc5 Qb6 30. d6 Rb8 31. Qd5+ Kh8 32. Nd7 Qe3 33. Qf3 {Black
resigns} 1-0

[Event "Team 45 45 League T50"]
[Site "Internet Chess Club"]
[Date "2011.09.19"]
[Round "6"]
[White "wekabird"]
[Black "dc9999"]
[Result "1-0"]
[WhiteElo "1168"]
[BlackElo "1142"]
[Opening "English opening"]
[ECO "A22"]
[Time "18:09:43"]
[TimeControl "2700+45"]

1. c4 e5 2. Nc3 Nf6 3. e4 Nc6 4. d3 d6 5. h3 g6 6. Be3 Nd4 7. Bg5 Bg7 8. Nf3
Nxf3+ 9. Qxf3 c6 10. g3 O-O 11. Bg2 b6 12. O-O Bb7 13. Rad1 d5 14. cxd5 cxd5 15.
Nxd5 Bxd5 16. exd5 Rc8 17. Qe2 h6 18. Bxf6 Bxf6 19. Rc1 Re8 20. Bf3 Bg5 21. Rxc8
Qxc8 22. Kg2 f5 23. h4 e4 24. dxe4 fxe4 25. Bxe4 Bf6 26. b3 Kh8 27. Qe3 g5 28.
hxg5 Bxg5 29. Qf3 Rg8 30. Qf7 Rg7 31. Qf5 Qb8 32. Rd1 Bh4 33. Rd3 Kg8 34. Rf3
Bg5 35. Qe6+ Kh8 36. Rf7 Qg8 37. Rf5 Bh4 38. Qxh6+ Rh7 39. Qf4 a5 40. Rf8 Qxf8
41. Qxf8# {Black checkmated} 1-0

[Event "Team 45 45 League T50"]
[Site "Internet Chess Club"]
[Date "2011.09.15"]
[Round "6"]
[White "ScotchYeti"]
[Black "makramkozman"]
[Result "1-0"]
[WhiteElo "1622"]
[BlackElo "1543"]
[Opening "Robatsch (modern) defense"]
[ECO "B06"]
[Time "16:03:59"]
[TimeControl "2700+45"]

1. e4 g6 2. d4 Bg7 3. Nc3 d6 4. Be3 a6 5. Qd2 b5 6. Bd3 Nd7 7. Nf3 Bb7 8. O-O
Ngf6 9. Bh6 O-O 10. Bxg7 Kxg7 11. a3 c5 12. Rfe1 Rc8 13. Qg5 b4 14. axb4 cxb4
15. Nd1 h6 16. Qe3 e5 17. d5 Nc5 18. b3 Ng4 19. Qe2 f5 20. h3 fxe4 21. Bxe4 Nxe4
22. Qxe4 Nf6 23. Qxb4 Bxd5 24. Rxa6 Ne8 25. Nh2 Rxc2 26. Ra7+ Kh8 27. f3 h5 28.
Ne3 Rc5 29. Nxd5 Rxd5 30. Qb7 {Black resigns} 1-0

[Event "Team 45 45 League T50"]
[Site "Internet Chess Club"]
[Date "2011.09.18"]
[Round "6"]
[White "Cadaz"]
[Black "cepheid"]
[Result "1-0"]
[WhiteElo "1577"]
[BlackElo "1567"]
[Opening "Sicilian: accelerated fianchetto, Maróczy bind"]
[ECO "B36"]
[Time "14:01:52"]
[TimeControl "2700+45"]

1. e4 c5 2. Nf3 g6 3. c4 Nc6 4. d4 cxd4 5. Nxd4 Nf6 6. Nc3 d6 7. f3 Nxd4 8. Qxd4
Bg7 9. Be3 O-O 10. Qd2 a5 11. b3 Be6 12. Rc1 Nd7 13. h4 h5 14. Nd5 Nc5 15. Bg5
Bxd5 16. cxd5 Qd7 17. Be2 Rfc8 18. Kf2 Kf8 19. Be3 b6 20. Rc2 Bf6 21. g3 Rab8
22. b4 axb4 23. Qxb4 Qa4 24. Qxa4 Nxa4 25. Rc6 Nc5 26. Rb1 Nd7 27. Ba6 Rd8 28.
a4 Ne5 29. Rcxb6 Ra8 30. Bb5 Rdc8 31. Rc1 Rxc1 32. Bxc1 Nd3+ 33. Bxd3 Bd4+ 34.
Be3 Bxb6 35. Bxb6 Rxa4 36. Ke3 Ra3 37. Bd4 f6 38. f4 Kf7 39. e5 Ra2 40. e6+ Ke8
41. Bxg6+ Kf8 42. Bxh5 Ra3+ 43. Kf2 Rd3 44. Be3 Rxd5 45. Bf3 Ra5 46. g4 Kg7 47.
h5 f5 48. g5 Ra2+ 49. Be2 Kh7 50. Bb6 d5 51. Bd4 Ra4 52. Ke3 Ra3+ 53. Bd3 Ra2
54. Bxf5+ Kg8 55. h6 Rh2 56. h7+ Rxh7 57. Bxh7+ Kxh7 58. f5 Kg8 59. Kf4 Kh7 60.
g6+ Kg8 61. f6 exf6 62. e7 f5 63. e8=Q# {Black checkmated} 1-0

[Event "Team 45 45 League T50"]
[Site "Internet Chess Club"]
[Date "2011.09.17"]
[Round "6"]
[White "Zugzwanged"]
[Black "rayonline53"]
[Result "1/2-1/2"]
[WhiteElo "1612"]
[BlackElo "1549"]
[Opening "Caro-Kann: advance variation"]
[ECO "B12"]
[Time "10:00:28"]
[TimeControl "2700+45"]

1. e4 c6 2. d4 d5 3. e5 Bf5 4. h4 h6 5. g4 Bh7 6. Ne2 e6 7. Ng3 Nd7 8. Nc3 a6 9.
Bd3 Bxd3 10. Qxd3 c5 11. Be3 cxd4 12. Bxd4 Ne7 13. O-O-O Nc6 14. f4 Nxd4 15.
Qxd4 Bc5 16. Qd3 Qc7 17. Kb1 O-O-O 18. Nge2 Kb8 19. Nd4 Bxd4 20. Qxd4 Rc8 21.
Rh3 Qc5 22. Qd2 Rc7 23. Qd4 Rhc8 24. Qxc5 Nxc5 25. Rh2 b5 26. a3 Ka7 27. Rhd2
Nb7 28. Ne2 Na5 29. b3 Nc6 30. Rc1 Na5 31. Nd4 Nc6 32. Nxc6+ Rxc6 33. Kb2 Rc3
34. Rd3 Rxd3 35. cxd3 Rxc1 36. Kxc1 Kb6 37. d4 b4 38. a4 Kc7 39. Kd2 Kd7 40. Ke3
Ke7 41. f5 g5 42. fxg6 fxg6 43. Kf4 Kf7 44. a5 Kg7 {Game drawn by mutual
agreement} 1/2-1/2

[Event "Team 45 45 League T50"]
[Site "Internet Chess Club"]
[Date "2011.09.16"]
[Round "6"]
[White "Giacometti"]
[Black "MasterOfTheKeys"]
[Result "1-0"]
[WhiteElo "1638"]
[BlackElo "1596"]
[Opening "Bird's opening"]
[ECO "A03"]
[Time "10:08:17"]
[TimeControl "2700+45"]

1. f4 d5 2. Nf3 c5 3. g3 Nf6 4. Bg2 Nc6 5. O-O Bg4 6. d3 Qc8 7. Nc3 a6 8. e4 Nd4
9. e5 Nxf3+ 10. Bxf3 Bxf3 11. Qxf3 d4 12. exf6 dxc3 13. fxe7 Bxe7 14. bxc3 O-O
15. Rb1 b5 16. Re1 Bf6 17. Bb2 Qc7 18. a4 Rab8 19. axb5 axb5 20. Qd5 Rfd8 21.
Qf5 Ra8 22. Ra1 b4 23. Rxa8 Rxa8 24. Qe4 Rf8 25. Qc4 Rb8 26. d4 bxc3 27. Bxc3
Rc8 28. d5 Bxc3 29. Qxc3 h6 30. Qe5 Qb6 31. c4 Rd8 32. Qe7 Qa5 33. Re2 Qa1+ 34.
Kg2 Rb8 35. d6 Qa8+ 36. Kh3 Rd8 37. d7 f6 38. Qxd8+ {Black resigns} 1-0

[Event "Team 45 45 League T50"]
[Site "Internet Chess Club"]
[Date "2011.09.17"]
[Round "6"]
[White "doublepar"]
[Black "spongenotbob"]
[Result "1-0"]
[WhiteElo "1460"]
[BlackElo "1481"]
[Opening "Caro-Kann: classical variation"]
[ECO "B18"]
[Time "22:00:56"]
[TimeControl "2700+45"]

1. e4 c6 2. d4 d5 3. Nc3 dxe4 4. Nxe4 Bf5 5. Ng3 Bg6 6. Bc4 Nf6 7. Nf3 e6 8. Bg5
Nbd7 9. O-O Bd6 10. c3 Qc7 11. Re1 O-O-O 12. b4 h6 13. Be3 h5 14. Ng5 Nb6 15.
Bd3 Bxd3 16. Qxd3 h4 17. Nf1 Nbd5 18. Nf3 h3 19. g3 Ng4 20. Ne5 Nxe5 21. dxe5
Bxe5 22. Bxa7 Bxc3 23. Bd4 Bxa1 24. Rxa1 Nxb4 25. Qc4 Rxd4 26. Qxd4 Nc2 27. Qxg7
Nxa1 28. Qxh8+ Kd7 29. Qxa1 c5 30. Qf6 Ke8 31. Qh8+ Ke7 32. Qxh3 c4 33. Qh4+ Ke8
34. Qh8+ Kd7 35. Qc3 b5 36. Nd2 f6 37. Qxf6 c3 38. Qf7+ Kc8 39. Qxc7+ Kxc7 40.
Nb3 c2 41. Kf1 Kc6 42. Ke2 Kd5 43. Kd2 Ke4 44. Kxc2 Kf3 45. h4 Kg4 46. Nd4 b4
47. Kb3 e5 48. Kxb4 exd4 49. Kc4 {Black resigns} 1-0

[Event "Team 45 45 League T50"]
[Site "Internet Chess Club"]
[Date "2011.09.21"]
[Round "6"]
[White "Cicero"]
[Black "The-Capitalist"]
[Result "0-1"]
[WhiteElo "1307"]
[BlackElo "1371"]
[Opening "Caro-Kann: advance variation"]
[ECO "B12"]
[Time "11:00:20"]
[TimeControl "2700+45"]

1. e4 c6 2. d4 d5 3. e5 Bf5 4. c3 e6 5. f4 Qh4+ 6. g3 Qg4 7. Be2 Qg6 8. Bd2 Bxb1
9. Rxb1 Ne7 10. Nf3 Nf5 11. Bd3 Qg4 12. Be2 Qg6 13. Bd3 Be7 14. g4 Qxg4 15. Rg1
Bh4+ 16. Nxh4 Qxg1+ 17. Ke2 Qxh2+ 18. Ke1 Qxh4+ {White resigns} 0-1

[Event "Team 45 45 League T50"]
[Site "Internet Chess Club"]
[Date "2011.09.23"]
[Round "6"]
[White "kingsrook"]
[Black "IanT"]
[Result "1/2-1/2"]
[WhiteElo "1317"]
[BlackElo "1388"]
[Opening "Colle system"]
[ECO "D05"]
[Time "21:00:07"]
[TimeControl "2700+45"]

1. d4 Nf6 2. Nf3 e6 3. e3 d5 4. Bd3 c5 5. c3 Nbd7 6. Nbd2 Qc7 7. O-O Bd6 8. dxc5
Nxc5 9. Bc2 O-O 10. h3 e5 11. b4 Ne6 12. Bb2 e4 13. Nd4 Nxd4 14. cxd4 Be6 15. a3
Rac8 16. Rc1 Qb8 17. Qe2 Rc6 18. Ba4 Rxc1 19. Rxc1 Rc8 20. Qd1 Rc7 21. Rc2 Qc8
22. Qc1 b5 23. Rxc7 Bxc7 24. Bxb5 Qb8 25. Ba4 Nd7 26. Qc2 Nb6 27. Bb3 Qd8 28. a4
Bd6 29. Ba3 Qd7 30. a5 Nc8 31. Ba4 Qb7 32. Qc6 Qxc6 33. Bxc6 Ne7 34. Bb5 f5 35.
Nb3 Kf7 36. Nc5 Nc8 37. Bb2 Ke7 38. Bc3 g6 39. Ba6 Bd7 40. Nxd7 Kxd7 41. Bb5+
Ke7 42. Bc6 Ke6 43. b5 Ne7 44. Bb7 Kd7 45. a6 Bc7 46. Bb4 Bb6 47. Bc5 Bxc5 48.
dxc5 Kc7 49. Kf1 Ng8 50. Bxd5 Nf6 51. Bb7 Nd7 52. c6 Ne5 53. Ke1 Nc4 54. Kd1 Nd6
55. Kd2 Nxb5 56. Kc2 Kd6 57. Kb3 Kc5 58. f3 exf3 59. gxf3 Nc7 60. Kc3 h6 61. Kd3
Kd5 62. e4+ fxe4+ 63. fxe4+ Ke5 64. Ke3 g5 65. Kf3 h5 66. Bc8 Kd6 67. Bb7 Ke5
68. Bc8 Kd6 69. Bb7 Kc5 70. Kg3 Kd4 71. Kf3 Kc5 72. Kg3 Kd4 73. Kf3 Kc5 74. Kg3
Kd4 75. Kf3 {Game drawn by repetition} 1/2-1/2

[Event "Team 45 45 League T50"]
[Site "Internet Chess Club"]
[Date "2011.09.17"]
[Round "6"]
[White "maliboum"]
[Black "KidRattler"]
[Result "1-0"]
[WhiteElo "1255"]
[BlackElo "1253"]
[Opening "Scotch gambit: Dubois-Réti defense"]
[ECO "C55"]
[Time "19:01:02"]
[TimeControl "2700+45"]

1. e4 e5 2. Nf3 Nc6 3. d4 exd4 4. Bc4 Nf6 5. e5 Ng4 6. Bxf7+ Kxf7 7. Ng5+ Kg8 8.
Qxg4 Qe7 9. O-O Nxe5 10. Qxd4 Nc6 11. Qd5+ Qe6 12. Nxe6 dxe6 13. Qd1 Bd6 14. Nc3
Bd7 15. Ne4 Rd8 16. Nxd6 cxd6 17. Qxd6 Bc8 18. Qg3 Nd4 19. Kh1 Ne2 20. Qe3 Nd4
21. Qe4 Nc6 22. Be3 e5 23. Rad1 Re8 24. Rd2 g6 25. Rfd1 Bf5 26. Qd5+ Be6 27. Qb5
Re7 28. Bg5 Rf7 29. Bh6 Rf8 30. Bxf8 Kxf8 31. Qxb7 Ne7 32. Rd8+ Kf7 33. Rxh8 Kf6
34. Rxh7 Nf5 35. Qxa7 Bd5 36. Rxd5 Nd6 37. Rxd6+ Kf5 38. Qf7+ Ke4 39. Qf3#
{Black checkmated} 1-0

[Event "Team 45 45 League T50"]
[Site "Internet Chess Club"]
[Date "2011.09.18"]
[Round "6"]
[White "kjs110"]
[Black "lawth3"]
[Result "0-1"]
[WhiteElo "1058"]
[BlackElo "1193"]
[Opening "Caro-Kann defense"]
[ECO "B10"]
[Time "19:56:21"]
[TimeControl "2700+45"]

1. e4 c6 2. g3 d5 3. Bg2 Nf6 4. d3 dxe4 5. dxe4 Qb6 6. Be3 Qxb2 7. Bd4 Qb4+ 8.
c3 Qb5 9. Ne2 c5 10. Be5 Nbd7 11. Bf4 e6 12. O-O b6 13. f3 h6 14. Bd6 Ba6 15.
Re1 Qd3 16. Bxf8 Qxd1 17. Rxd1 Bxe2 18. Rd2 Bxf3 19. Bxf3 Rxf8 20. Na3 Ke7 21.
Rad1 Rfd8 22. Nc4 a6 23. e5 Nd5 24. Bxd5 exd5 25. Rxd5 b5 26. Na5 Ke8 27. Rd6
Nxe5 28. Nc6 Rxd6 29. Rxd6 Nxc6 30. Rxc6 c4 31. Kf2 Kd7 32. Rc5 Kd6 33. Rh5 Rh8
34. Rf5 Ke6 35. Rc5 Rd8 36. Rc6+ Rd6 37. Rc7 Rd7 38. Rc6+ Rd6 39. Rc7 Rd2+ 40.
Ke3 Rxa2 41. Rc6+ Kd7 42. Rc5 Rxh2 43. Rd5+ Ke6 44. Ke4 Re2+ 45. Kd4 Rd2+ {White
resigns} 0-1

[Event "Team 45 45 League T50"]
[Site "Internet Chess Club"]
[Date "2011.09.17"]
[Round "6"]
[White "PsyMar"]
[Black "otib2006"]
[Result "1-0"]
[WhiteElo "1348"]
[BlackElo "1296"]
[Opening "Polish (Sokolsky) opening"]
[ECO "A00"]
[Time "11:00:27"]
[TimeControl "2700+45"]

1. b4 Nf6 2. Bb2 e6 3. a3 Be7 4. e3 O-O 5. c4 d5 6. c5 Nc6 7. Bb5 Nb8 8. Nf3 a6
9. Ba4 a5 10. b5 Bxc5 11. Bxf6 Qxf6 12. d4 Bb6 13. O-O c6 14. Qd3 c5 15. Bc2 c4
16. Qxh7# {Black checkmated} 1-0

[Event "Team 45 45 League T50"]
[Site "Internet Chess Club"]
[Date "2011.09.17"]
[Round "6"]
[White "semperfi"]
[Black "Skylab"]
[Result "0-1"]
[WhiteElo "1191"]
[BlackElo "1305"]
[Opening "Queen's pawn: stonewall attack"]
[ECO "D00"]
[Time "18:00:12"]
[TimeControl "2700+45"]

1. d4 d5 2. e3 Nf6 3. Bd3 c5 4. c3 cxd4 5. exd4 Bg4 6. Nf3 Nbd7 7. O-O e6 8.
Nbd2 Bd6 9. h3 Bh5 10. Qb3 Rb8 11. c4 Bg6 12. Bxg6 hxg6 13. Ng5 dxc4 14. Nxc4
Be7 15. Bf4 Rc8 16. Qxb7 Rxc4 17. Be5 Qb6 18. Qf3 O-O 19. b3 Nxe5 20. dxe5 Rc5
21. Rfe1 Nd5 22. Qg3 Bxg5 23. Qxg5 Rc2 24. Qg3 Rfc8 25. a4 R8c3 26. a5 Qc7 27.
f3 Ne3 28. Rxe3 Rxe3 29. Kh2 Ree2 {White forfeits on time} 0-1

[Event "Team 45 45 League T50"]
[Site "Internet Chess Club"]
[Date "2011.09.18"]
[Round "6"]
[White "JimGaming"]
[Black "CoasterBrake"]
[Result "1-0"]
[WhiteElo "1262"]
[BlackElo "1093"]
[Opening "Caro-Kann: anti-anti-Caro-Kann defense"]
[ECO "B10"]
[Time "12:06:35"]
[TimeControl "2700+45"]

1. e4 c6 2. c4 d5 3. cxd5 cxd5 4. exd5 Nf6 5. Qa4+ Bd7 6. Qb3 a6 7. Nc3 b5 8.
Nxb5 axb5 9. Bxb5 Qb6 10. Bc4 Qxb3 11. Bxb3 e6 12. Ne2 exd5 13. O-O Bb5 14. Re1
Be7 15. Nd4 Bc4 16. Bxc4 dxc4 17. Nf5 Nc6 18. Nxg7+ Kd7 19. Nf5 Ra5 20. Ne3 Re5
21. Kf1 Re4 22. a3 Ng4 23. Nxg4 Rxg4 24. g3 Nd4 25. Rd1 Bf6 26. Rb1 Re8 27. d3
cxd3 28. Rxd3 Kc7 29. Bf4+ Be5 30. Rxd4 {Black resigns} 1-0

[Event "Team 45 45 League T50"]
[Site "Internet Chess Club"]
[Date "2011.09.20"]
[Round "6"]
[White "WzeroMN"]
[Black "sere"]
[Result "0-1"]
[WhiteElo "1084"]
[BlackElo "1221"]
[Opening "Sicilian: Hungarian variation"]
[ECO "B27"]
[Time "11:00:40"]
[TimeControl "2700+45"]

1. e4 c5 2. Nf3 g6 3. Nc3 Bg7 4. d3 Nc6 5. Be3 d6 6. Qd2 Bd7 7. Be2 Qb6 8. Rb1
Nd4 9. Nd5 Nxf3+ 10. Bxf3 Qc6 11. O-O Nf6 12. Nc3 Qc7 13. Bh6 O-O 14. Bxg7 Kxg7
15. Rfe1 Rac8 16. Nd5 Qd8 17. Nxf6 exf6 18. Qe2 Re8 19. b4 cxb4 20. Rxb4 Qc7 21.
Reb1 b6 22. Rc4 Qb8 23. Rxc8 Rxc8 24. a4 Bxa4 25. c4 Qc7 26. Bg4 Re8 27. Qf3 Bd7
28. Bxd7 Qxd7 29. Rb5 Qc6 30. Qg3 Re5 31. Rxe5 fxe5 32. Qe3 Qa4 33. Qc1 Qb3 34.
h3 Qxd3 {White resigns} 0-1

[Event "Team 45 45 League T50"]
[Site "Internet Chess Club"]
[Date "2011.09.18"]
[Round "6"]
[White "clarinetref"]
[Black "calily"]
[Result "1/2-1/2"]
[WhiteElo "1643"]
[BlackElo "1714"]
[Opening "Nimzovich-Larsen attack: classical variation"]
[ECO "A01"]
[Time "09:38:10"]
[TimeControl "2700+45"]

1. b3 d5 2. Bb2 e6 3. Nf3 Nf6 4. e3 g6 5. c4 c6 6. Nc3 Bg7 7. Be2 O-O 8. O-O
Nbd7 9. cxd5 exd5 10. Rb1 Re8 11. d4 Ne4 12. Bd3 f5 13. Qc2 Ndf6 14. Na4 Bd7 15.
Ne5 Rc8 16. f3 Nd6 17. Qc5 Nb5 18. Qc2 Qe7 19. Nc5 b6 20. Na6 Na3 21. Bxa3 Qxa3
22. Qb2 Qd6 23. a3 c5 24. Rbe1 Re6 25. e4 dxe4 26. Bc4 Nd5 27. fxe4 fxe4 28. Kh1
cxd4 29. Nxd7 Qxd7 30. Nb4 Nxb4 31. axb4 b5 32. Bxe6+ Qxe6 33. Qe2 d3 34. Qxd3
exd3 35. Rxe6 d2 36. Rd6 Rc1 37. Rd8+ Bf8 38. Rxf8+ Kg7 39. Rf7+ Kh6 40. h4 d1=Q
41. Rxd1 Rxd1+ 42. Kh2 Rd4 43. g3 Rxb4 44. Rxa7 Rxb3 45. Kh3 b4 46. Kg4 Rb1 47.
Rb7 b3 48. Rb6 Kg7 49. Kg5 h6+ 50. Kg4 h5+ 51. Kg5 Rg1 52. Rxb3 {Game drawn by
mutual agreement} 1/2-1/2

[Event "Team 45 45 League T50"]
[Site "Internet Chess Club"]
[Date "2011.09.18"]
[Round "6"]
[White "isolani"]
[Black "tryanything"]
[Result "1/2-1/2"]
[WhiteElo "1457"]
[BlackElo "1569"]
[Opening "Queen's pawn game"]
[ECO "D04"]
[Time "18:59:16"]
[TimeControl "2700+45"]

1. d4 d5 2. Nf3 Nf6 3. e3 Bg4 4. Be2 e6 5. Nbd2 c5 6. b3 cxd4 7. Nxd4 Bxe2 8.
Qxe2 Nbd7 9. Bb2 Be7 10. O-O O-O 11. e4 dxe4 12. Nxe4 Nxe4 13. Qxe4 Rb8 14. Rad1
Bf6 15. c4 Qe7 16. Rfe1 Rfe8 17. Re2 a6 18. Nf3 Bxb2 19. Rxb2 Nf6 20. Qe3 Rbd8
21. Rbd2 Rxd2 22. Qxd2 h6 23. Kf1 Qc7 24. Qd6 Qxd6 25. Rxd6 Kf8 26. Ne5 {Game
drawn by mutual agreement} 1/2-1/2

[Event "Team 45 45 League T50"]
[Site "Internet Chess Club"]
[Date "2011.09.20"]
[Round "6"]
[White "PostMike"]
[Black "Juan73"]
[Result "0-1"]
[WhiteElo "1424"]
[BlackElo "1653"]
[Opening "Giuoco Piano"]
[ECO "C54"]
[Time "16:35:08"]
[TimeControl "2700+45"]

1. e4 e5 2. Nf3 Nc6 3. Bc4 Bc5 4. c3 Nf6 5. d3 d6 6. a4 a5 7. O-O Bg4 8. Nbd2
Nh5 9. Qb3 O-O 10. Qxb7 Ne7 11. Qb3 Nf4 12. d4 exd4 13. cxd4 Bb6 14. Re1 h6 15.
Qc3 d5 16. exd5 Nexd5 17. Bxd5 Qxd5 18. Re5 Qxe5 19. Nxe5 Ne2+ 20. Kf1 Nxc3 21.
Nxg4 Nd5 22. Nf3 Rfe8 23. Bd2 Re4 24. Ne3 Nxe3+ 25. fxe3 c5 26. dxc5 Bxc5 27.
Re1 Bb4 28. b3 Rd8 29. Bxb4 Rxb4 30. Nd4 Rd6 31. Ke2 Rb7 32. Rc1 Re7 33. Rc8+
Kh7 34. Nf5 Red7 35. Nxd6 Rxd6 36. Rc5 Ra6 37. g4 g5 38. Kd3 Kg7 39. Ke4 Kf6 40.
Kd5 Ke7 41. Rc6 Rxc6 42. Kxc6 f5 43. gxf5 Kf6 44. Kb5 g4 45. Kxa5 h5 46. b4 h4
47. b5 g3 48. b6 gxh2 49. b7 h1=Q 50. b8=Q Qe1+ 51. Ka6 Qf1+ 52. Qb5 Qxf5 53.
Qb2+ Kf7 54. Qb7+ Kg6 55. Qg2+ Qg5 56. Qe4+ Kh5 57. Qf3+ Qg4 58. Qd5+ Kg6 59.
Qc6+ Kh7 60. Qc7+ Qg7 61. Qh2 Qg3 62. Qh1 h3 63. Qb7+ Qg7 64. Qh1 Qg2 65. Qb1+
Qg6+ {White resigns} 0-1

[Event "Team 45 45 League T50"]
[Site "Internet Chess Club"]
[Date "2011.09.18"]
[Round "6"]
[White "bayoumicardio10"]
[Black "Innes"]
[Result "0-1"]
[WhiteElo "1635"]
[BlackElo "1784"]
[Opening "Scotch gambit: Dubois-Réti defense"]
[ECO "C55"]
[Time "17:00:15"]
[TimeControl "2700+45"]

1. e4 e5 2. Nf3 Nc6 3. d4 exd4 4. Bc4 Nf6 5. e5 d5 6. Bb5 Ne4 7. Nxd4 Bd7 8.
Bxc6 bxc6 9. O-O Be7 10. f3 Ng5 11. f4 Ne4 12. f5 c5 13. e6 cxd4 14. exd7+ Qxd7
15. Nd2 O-O 16. Nb3 c5 17. g4 a5 18. a4 Bd6 19. Bf4 Rfe8 20. Bxd6 Qxd6 21. Qf3
Qb6 22. Qf4 c4 23. Nd2 d3+ 24. Kh1 Nxd2 25. Qxd2 Re2 26. Qc3 Qh6 {White resigns}
0-1